MLB
PHILADELPHIA PHILLIES @ MILWAUKEE BREWERS
08/23/2044
 
TOP OF THE 1ST
Philadelphia Phillies batting - Pitching for Milwaukee Brewers : RHP Josh Kenyon
Pitching: RHP Josh Kenyon
Batting: LHB Jeff Luvisi 0-0: Called Strike
0-1: Foul Ball, location: 2F
0-2: Foul Ball, location: 2F
0-2: Strikes out swinging
Batting: LHB Nick Canizales 0-0: Fly out, F7 (Line Drive, 7D, EV 102.5 MPH)
Batting: LHB Eric Katz 0-0: Ball
1-0: DOUBLE (Flyball, 78D, EV 86.9 MPH)
Batting: LHB Alberto Figueroa 0-0: Swinging Strike
0-1: Called Strike
0-2: Ball
1-2: Ball
2-2: Ball
3-2: Foul Ball, location: 2F
3-2: Base on Balls
Batting: RHB Raul de la Cruz 0-0: Called Strike
0-1: Ball
1-1: Ball
2-1: Ground out 4-3 (Groundball, 34, EV 101.9 MPH)
Top of the 1st over - 0 runs, 1 hit, 0 errors, 2 left on base; Philadelphia 0 - Milwaukee 0
BOTTOM OF THE 1ST
Milwaukee Brewers batting - Pitching for Philadelphia Phillies : LHP Lennart Hjelm
Pitching: LHP Lennart Hjelm
Batting: RHB Jason Gee 0-0: Ball
1-0: Ground out 6-3 (Groundball, 6, EV 102.5 MPH)
Batting: RHB Adrian Rudkilde 0-0: Swinging Strike
0-1: Ball
1-1: Ball
2-1: SOLO HOME RUN (Flyball, 9D, EV 100.0 MPH), Distance : 388 ft
Batting: RHB Bobby Muniz 0-0: Foul Ball, location: 2F
0-1: Ground out 5-3 (Groundball, 56S, EV 70.0 MPH)
Batting: RHB Kisho Ito 0-0: Ball
1-0: Ball
2-0: Ball
3-0: Called Strike
3-1: Base on Balls
Batting: RHB Daniel Donovan 0-0: Ball
1-0: Called Strike
1-1: Fielders Choice at 2nd, 6-4 (Groundball, 6, EV 98.8 MPH)
Bottom of the 1st over - 1 run, 1 hit, 0 errors, 1 left on base; Philadelphia 0 - Milwaukee 1
TOP OF THE 2ND
Philadelphia Phillies batting - Pitching for Milwaukee Brewers : RHP Josh Kenyon
Batting: RHB Quintin Parker 0-0: Called Strike
0-1: Ball
1-1: Swinging Strike
1-2: Ground out U3 (Groundball, 3S, EV 81.3 MPH)
Batting: RHB Matt Sanders 0-0: Called Strike
0-1: Reached on error, E4 (Groundball, 6M, EV 83.8 MPH)
Batting: SHB Rafael Vazquez 0-0: Called Strike
Matt Sanders is caught stealing 2nd base 2-6
0-1: Ball
1-1: Ground out 4-3 (Groundball, 4M, EV 92.5 MPH)
Top of the 2nd over - 0 runs, 0 hits, 1 error, 0 left on base; Philadelphia 0 - Milwaukee 1
BOTTOM OF THE 2ND
Milwaukee Brewers batting - Pitching for Philadelphia Phillies : LHP Lennart Hjelm
Batting: RHB Emilio Gallegos 0-0: Ball
1-0: Ball
2-0: Called Strike
2-1: Ground out 4-3 (Groundball, 4, EV 89.4 MPH)
Batting: LHB Jeff Taylor 0-0: Ball
1-0: Foul Ball, location: 2F
1-1: Called Strike
1-2: Strikes out swinging
Batting: RHB Yuichi Matsuoka 0-0: Called Strike
0-1: Foul Ball, location: 2F
0-2: Ball
1-2: Ball
2-2: Strikes out swinging
Bottom of the 2nd over - 0 runs, 0 hits, 0 errors, 0 left on base; Philadelphia 0 - Milwaukee 1
TOP OF THE 3RD
Philadelphia Phillies batting - Pitching for Milwaukee Brewers : RHP Josh Kenyon
Batting: RHB Mitch Boyd 0-0: Called Strike
0-1: Ball
1-1: Called Strike
1-2: Strikes out looking
Batting: LHB Jeff Luvisi 0-0: Ball
1-0: Fly out, F9 (Line Drive, 9, EV 103.8 MPH)
Batting: LHB Nick Canizales 0-0: Ball
1-0: Ball
2-0: Ground out 4-3 (Groundball, 4MD, EV 86.3 MPH)
Top of the 3rd over - 0 runs, 0 hits, 0 errors, 0 left on base; Philadelphia 0 - Milwaukee 1
BOTTOM OF THE 3RD
Milwaukee Brewers batting - Pitching for Philadelphia Phillies : LHP Lennart Hjelm
Batting: RHB Noah Stanley 0-0: Ball
1-0: Foul Ball, location: 2F
1-1: Ball
2-1: SINGLE (Groundball, 4MS, EV 62.5 MPH) (infield hit)
Batting: RHB Jason Gee 0-0: Ball
1-0: Ball
2-0: Called Strike
2-1: Ball
3-1: Swinging Strike
3-2: Fly out, F4 (Flyball, 4D, EV 88.8 MPH)
Batting: RHB Adrian Rudkilde 0-0: Ball
1-0: Foul Ball, location: 2F
1-1: Ball
2-1: Foul Ball, location: 2F
2-2: Ball
3-2: Base on Balls
Noah Stanley to second
Batting: RHB Bobby Muniz 0-0: Called Strike
Noah Stanley steals 3rd base (no throw)
0-1: Ball
1-1: Ball
2-1: Foul Ball, location: 2F
2-2: Ball
3-2: Foul Ball, location: 2F
3-2: Ground out 1-3 (Groundball, 15S, EV 75.6 MPH)
Adrian Rudkilde to second
Batting: RHB Kisho Ito 0-0: Ball
1-0: SINGLE (Line Drive, 8RS, EV 98.8 MPH)
Noah Stanley scores
Adrian Rudkilde to third
Runner from 3rd tries for Home, throw by CF and OUT! 8-2
Bottom of the 3rd over - 1 run, 2 hits, 0 errors, 1 left on base; Philadelphia 0 - Milwaukee 2
TOP OF THE 4TH
Philadelphia Phillies batting - Pitching for Milwaukee Brewers : RHP Josh Kenyon
Batting: LHB Eric Katz 0-0: Ground out 4-3 (Groundball, 4M, EV 106.3 MPH)
Batting: LHB Alberto Figueroa 0-0: Fly out, F9 (Flyball, 89D, EV 101.3 MPH)
Batting: RHB Raul de la Cruz 0-0: Swinging Strike
0-1: Fly out, F7 (Flyball, 7LS, EV 81.9 MPH)
Top of the 4th over - 0 runs, 0 hits, 0 errors, 0 left on base; Philadelphia 0 - Milwaukee 2
BOTTOM OF THE 4TH
Milwaukee Brewers batting - Pitching for Philadelphia Phillies : LHP Lennart Hjelm
Batting: RHB Daniel Donovan 0-0: Foul Ball, location: 2F
0-1: Foul Ball, location: 2F
0-2: Ball
1-2: Ball
2-2: Fly out, F9 (Flyball, 89S, EV 93.8 MPH)
Batting: RHB Emilio Gallegos 0-0: Ball
1-0: Ball
2-0: Ball
3-0: Called Strike
3-1: Called Strike
3-2: Ground out 5-3 (Groundball, 56, EV 81.3 MPH)
Batting: LHB Jeff Taylor 0-0: Called Strike
0-1: Ball
1-1: Ball
2-1: Ball
3-1: Base on Balls
Batting: RHB Yuichi Matsuoka 0-0: Called Strike
0-1: Ball
1-1: Called Strike
1-2: SINGLE (Groundball, 6D, EV 96.9 MPH)
Jeff Taylor to second
Batting: RHB Noah Stanley 0-0: Called Strike
0-1: Ball
1-1: Ball
2-1: Ball
3-1: Fly out, F8 (Flyball, 8LM, EV 78.1 MPH)
Bottom of the 4th over - 0 runs, 1 hit, 0 errors, 2 left on base; Philadelphia 0 - Milwaukee 2
TOP OF THE 5TH
Philadelphia Phillies batting - Pitching for Milwaukee Brewers : RHP Josh Kenyon
Batting: RHB Quintin Parker 0-0: Ball
1-0: Ball
2-0: Ground out U3 (Groundball, 34, EV 101.9 MPH)
Batting: RHB Matt Sanders 0-0: Foul Ball, location: 2F
0-1: Ball
1-1: Foul Ball, location: 2F
1-2: Strikes out swinging
Batting: SHB Rafael Vazquez 0-0: Ball
1-0: Ball
2-0: Called Strike
2-1: Foul Ball, location: 2F
2-2: Ball
3-2: DOUBLE (Line Drive, 89D, EV 103.1 MPH)
Batting: RHB Mitch Boyd 0-0: Called Strike
0-1: Foul Ball, location: 2F
0-2: Fly out, F7 (Flyball, BS2, EV 106.9 MPH)
Top of the 5th over - 0 runs, 1 hit, 0 errors, 1 left on base; Philadelphia 0 - Milwaukee 2
BOTTOM OF THE 5TH
Milwaukee Brewers batting - Pitching for Philadelphia Phillies : LHP Lennart Hjelm
Batting: RHB Jason Gee 0-0: Foul Ball, location: 2F
0-1: Ground out 5-3 (Groundball, 56, EV 91.3 MPH)
Batting: RHB Adrian Rudkilde 0-0: Fly out, F9 (Flyball, 9LS, EV 93.8 MPH)
Batting: RHB Bobby Muniz 0-0: Called Strike
0-1: Ball
1-1: Ball
2-1: Ground out 6-3 (Groundball, 56, EV 90.0 MPH)
Bottom of the 5th over - 0 runs, 0 hits, 0 errors, 0 left on base; Philadelphia 0 - Milwaukee 2
TOP OF THE 6TH
Philadelphia Phillies batting - Pitching for Milwaukee Brewers : RHP Josh Kenyon
Batting: LHB Jeff Luvisi 0-0: Foul Ball, location: 2F
0-1: Called Strike
0-2: Ball
1-2: Strikes out swinging
Batting: LHB Nick Canizales 0-0: Called Strike
0-1: Ball
1-1: Swinging Strike
1-2: SINGLE (Line Drive, 89S, EV 108.1 MPH)
Batting: LHB Eric Katz 0-0: Ball
1-0: Swinging Strike
1-1: Called Strike
1-2: Strikes out looking
Batting: LHB Alberto Figueroa 0-0: Ball
Nick Canizales is caught stealing 2nd base 2-6
Top of the 6th over - 0 runs, 1 hit, 0 errors, 0 left on base; Philadelphia 0 - Milwaukee 2
BOTTOM OF THE 6TH
Milwaukee Brewers batting - Pitching for Philadelphia Phillies : LHP Lennart Hjelm
Batting: RHB Kisho Ito 0-0: Called Strike
0-1: Ball
1-1: Ball
2-1: Called Strike
2-2: DOUBLE (Flyball, 8RXD, EV 103.8 MPH)
Batting: RHB Daniel Donovan 0-0: Called Strike
Kisho Ito steals 3rd base
0-1: Ball
1-1: SINGLE (Groundball, 6MD, EV 94.4 MPH)
Kisho Ito scores
Batting: RHB Emilio Gallegos 0-0: Foul Ball, location: 2F
0-1: Grounds into double play, 4-6-3 (Groundball, 4, EV 84.4 MPH)
Batting: LHB Jeff Taylor 0-0: Ball
1-0: Ball
2-0: Ground out 3-1 (Groundball, 34, EV 79.4 MPH)
Bottom of the 6th over - 1 run, 2 hits, 0 errors, 0 left on base; Philadelphia 0 - Milwaukee 3
TOP OF THE 7TH
Philadelphia Phillies batting - Pitching for Milwaukee Brewers : RHP Josh Kenyon
Batting: LHB Alberto Figueroa 0-0: Swinging Strike
0-1: Ball
1-1: Ball
2-1: Foul Ball, location: 2F
2-2: Foul Ball, location: 2F
2-2: Foul Ball, location: 2F
2-2: Fly out, F9 (Line Drive, 9, EV 101.3 MPH)
Batting: RHB Raul de la Cruz 0-0: Ball
1-0: Ball
2-0: Fly out, F5 (Popup, 56S, EV 69.4 MPH)
Batting: RHB Quintin Parker 0-0: Ball
1-0: Ball
2-0: Called Strike
2-1: Fly out, F9 (Flyball, 9S, EV 89.4 MPH)
Top of the 7th over - 0 runs, 0 hits, 0 errors, 0 left on base; Philadelphia 0 - Milwaukee 3
BOTTOM OF THE 7TH
Milwaukee Brewers batting - Pitching for Philadelphia Phillies : LHP Lennart Hjelm
Batting: RHB Yuichi Matsuoka 0-0: Called Strike
0-1: Called Strike
0-2: Ground out U3 (Groundball, 34, EV 100.6 MPH)
Pitching: RHP Jamie Verberkmoes
Batting: RHB Noah Stanley 0-0: Ball
1-0: Ball
2-0: Foul Ball, location: 2F
2-1: Foul Ball, location: 2F
2-2: Fly out, F8 (Flyball, 89D, EV 91.3 MPH)
Batting: RHB Jason Gee 0-0: Ball
1-0: Ball
2-0: Ball
3-0: Called Strike
3-1: Ground out 6-3 (Groundball, 6, EV 91.3 MPH)
Bottom of the 7th over - 0 runs, 0 hits, 0 errors, 0 left on base; Philadelphia 0 - Milwaukee 3
TOP OF THE 8TH
Philadelphia Phillies batting - Pitching for Milwaukee Brewers : RHP Josh Kenyon
Batting: RHB Matt Sanders 0-0: SINGLE (Line Drive, 34D, EV 103.1 MPH)
Batting: SHB Rafael Vazquez 0-0: Called Strike
0-1: Ball
1-1: SINGLE (Line Drive, 78M, EV 103.1 MPH)
Matt Sanders to second
Batting: RHB Mitch Boyd 0-0: Foul Ball, location: 2F
0-1: Ball
1-1: Grounds into double play, 6-4-3 (Groundball, 6, EV 108.1 MPH)
Matt Sanders to third
Batting: LHB Jeff Luvisi 0-0: Swinging Strike
0-1: Ball
1-1: Called Strike
1-2: Ball
2-2: Fly out, F8 (Flyball, 8RD, EV 99.4 MPH)
Top of the 8th over - 0 runs, 2 hits, 0 errors, 1 left on base; Philadelphia 0 - Milwaukee 3
BOTTOM OF THE 8TH
Milwaukee Brewers batting - Pitching for Philadelphia Phillies : RHP Jamie Verberkmoes
Batting: RHB Adrian Rudkilde 0-0: Ball
1-0: Swinging Strike
1-1: Ball
2-1: SINGLE (Groundball, 4S, EV 75.0 MPH) (infield hit)
Batting: RHB Bobby Muniz 0-0: Ball
1-0: Foul Ball, location: 2F
1-1: Fielders Choice at 2nd, 2-4 (Groundball, 2L, EV 71.3 MPH)
Pitching: RHP Mike Kamm
Batting: RHB Kisho Ito 0-0: Ball
1-0: Swinging Strike
1-1: Ball
2-1: Swinging Strike
2-2: Ball
3-2: Foul Ball, location: 2F
3-2: Base on Balls
Bobby Muniz to second
Batting: RHB Daniel Donovan 0-0: Ball
1-0: Ball
2-0: Ball
3-0: Base on Balls
Bobby Muniz to third
Kisho Ito to second
Batting: RHB Emilio Gallegos 0-0: Ball
1-0: Foul Ball, location: 2F
1-1: Foul Ball, location: 2F
1-2: Strikes out swinging
Batting: LHB Jeff Taylor 0-0: Ball
1-0: Ball
2-0: Called Strike
2-1: SINGLE (Line Drive, 4D, EV 100.6 MPH)
Bobby Muniz scores
Kisho Ito to third
Daniel Donovan to second
Runner from 3rd tries for Home, SAFE, throw by CF to home
Batting: RHB Yuichi Matsuoka 0-0: Ball
1-0: Called Strike
1-1: Swinging Strike
1-2: Ball
2-2: Ball
3-2: Strikes out swinging
Bottom of the 8th over - 2 runs, 2 hits, 0 errors, 2 left on base; Philadelphia 0 - Milwaukee 5
TOP OF THE 9TH
Philadelphia Phillies batting - Pitching for Milwaukee Brewers : RHP Josh Kenyon
Batting: LHB Nick Canizales 0-0: Foul Ball, location: 2F
0-1: Called Strike
0-2: Ball
1-2: Ball
2-2: Ball
3-2: Base on Balls
Batting: LHB Eric Katz 0-0: Swinging Strike
0-1: Foul Ball, location: 2F
0-2: Ball
1-2: Ball
2-2: Ball
3-2: 2-RUN HOME RUN (Flyball, 89XD, EV 105.0 MPH), Distance : 412 ft
Pitching: RHP Max Blankenship
Batting: LHB Alberto Figueroa 0-0: Called Strike
0-1: Ball
1-1: Called Strike
1-2: SOLO HOME RUN (Flyball, 7D, EV 96.9 MPH), Distance : 388 ft
Batting: RHB Raul de la Cruz 0-0: Ball
1-0: Ball
2-0: Ball
3-0: Called Strike
3-1: Base on Balls
Batting: RHB Quintin Parker 0-0: Grounds into double play, 4-6-3 (Groundball, 4, EV 78.8 MPH)
Batting: RHB Matt Sanders 0-0: SINGLE (Groundball, 56S, EV 74.4 MPH) (infield hit)
Batting: SHB Rafael Vazquez 0-0: Called Strike
0-1: Swinging Strike
0-2: Ball
1-2: Foul Ball, location: 2F
1-2: Foul Ball, location: 2F
1-2: Ball
2-2: Ball
3-2: Fly out, F8 (Flyball, 8LS, EV 96.9 MPH)
Top of the 9th over - 3 runs, 3 hits, 0 errors, 1 left on base; Philadelphia 3 - Milwaukee 5
Thursday, March 31st , 2022 - OOTP Baseball 22.12 Build 89